 Dungeon Crawl Stone Soup version 0.29-a0-553-g81b289dbe5 (webtiles) character file.

Game seed: 4907247789307787709

14 testman the Magician (level 2, 0/20 HPs)
             Began as a Meteoran Wanderer on June 6, 2022.
             Slain by a quokka (3 damage)
             ... on level 1 of the Dungeon.
             The game lasted 00:02:58 (136 turns).

testman the Magician (Meteoran Wanderer)             Turns: 136, Time: 00:02:58

Health: 0/20       AC:  3    Str: 16    XL:     2   Next: 82%
Magic:  6/7        EV: 11    Int: 14    God:
Gold:   0          SH:  0    Dex:  9    Spells: 6/7 levels left

rFire   . . .      SeeInvis .   a - +0 hand axe
rCold   . . .      Faith    .   (no shield)
rNeg    . . .      Spirit   .   d - +0 leather armour
rPois   .          Reflect  .   (no helmet)
rElec   .          Harm     .   (no cloak)
rCorr   +          Rampage  .   (no gloves)
Will    .....                   (no boots)
Stlth   +.........              (no amulet)
HPRegen 0.06/turn               c - ring of resist corrosion
MPRegen 0.10/turn               (no ring)

@: glowing
A: sense surroundings 1, otherworldly, glowing, explore regen
a: no special abilities


You were on level 1 of the Dungeon.
You visited 1 branch of the dungeon, and saw 1 of its levels.

Inventory:

Hand Weapons
 a - a +0 hand axe (weapon)
Armour
 d - a +0 leather armour (worn)
Jewellery
 c - a ring of resist corrosion (left hand)
Wands
 b - a wand of polymorph (7)


   Skills:
 - Level 2.4 Axes
 - Level 1.0 Stealth
 + Level 3.3 Spellcasting
 + Level 3.1 Fire Magic
 - Level 1.2 Invocations
 - Level 2.4 Evocations


You had 6 spell levels left.
You knew the following spells:

 Your Spells              Type           Power      Damage    Failure   Level
a - Foxfire               Conj/Fire      24%        2x1d5     14%         1

Your spell library contained the following spells:

 Spells                   Type           Power      Damage    Failure   Level
 Conjure Flame            Conj/Fire      6%         6-21      38%         3
 Ignite Poison            Fire/Tmut/Pois 5%         N/A       45%         3


Dungeon Overview and Level Annotations

Branches:
Dungeon (1/15)

Altars:


Innate Abilities, Weirdness & Mutations

You passively map a small area around you.
You are easily found by Zot.
You glow in the dark.
You regain HP and MP as you explore.


Message History

Press: ? - help, Q - select action, (/) - cycle Dir - look around, f - activate You conjure some foxfire!
The endoplasm quivers.
A quokka comes into view.
You hit the dart slug but do no damage.
The dart slug is heavily wounded.
The foxfire hits the frilled lizard.
You kill the frilled lizard!
The foxfire hits the dart slug.
The dart slug is almost dead.
The dart slug bites you. The ball python barely misses you.
The ball python completely misses you.
The ball python attacks as you move away!
The ball python barely misses you.
You closely miss the ball python.
The ball python bites you but does no damage.
The ball python grabs you. The ball python constricts you.
The ball python bites you. The ball python constricts you.
You escape the ball python's grasp.
The dart slug launches a dart at you. The slug dart hits you.
Casting: Foxfire (safe; 14% risk of failure)
Press: ? - help, Q - select action, (/) - cycle Dir - look around, f - activate You conjure some foxfire!
The foxfire hits the bat.
The bat is moderately wounded.
The ball python bites you.
* * * LOW HITPOINT WARNING * * *
The ball python grabs you. The ball python constricts you.
* * * LOW HITPOINT WARNING * * *
You escape the ball python's grasp.
The foxfire hits the bat.
You kill the bat!
You hit the ball python.
The ball python is severely wounded.
The ball python bites you but does no damage.
The ball python grabs you. The ball python constricts you.
You hit the ball python.
You kill the ball python!
The quokka bites you.
You die...

* ,###.##..........##...# *
#...........##).##...## ,
........#..†...#.....#
#.####.......##.....##
.#.#...#.....####...#...# *
..........#..# ##...#...##
#.#.######.###..# #...###...#
#........†.###..###...# #...#
#.#.....gwgr@...##...## ##...
......†..#######.##...#####...
,.###.###.. ,,
,..#............ ... #.##
*###......<..... *, #.. #.#* ,
############# ... ..# , ,* **
, .#. #.#* , , , * , ,, , , *
, ,


You could see a dart slug, a quokka, a hobgoblin and a goblin.

Vanquished Creatures
  A dart slug (D:1)
  2 goblins (D:1)
  A hobgoblin (D:1)
  3 quokkas (D:1)
  A ball python (D:1)
  2 bats (D:1)
  A frilled lizard (D:1)
  A kobold (D:1)
12 creatures vanquished.

Vanquished Creatures (others)
  16 foxfires (D:1)
16 creatures vanquished.

Grand Total: 28 creatures vanquished

Notes
Turn   | Place    | Note
-------+----------+-------------------------------------------
     0 | D:1      | testman the Meteoran Wanderer began the quest for the Orb.
     0 | D:1      | testman set off with the following items: a +0 hand axe, a
                  | wand of polymorph (7), a potion of heal wounds, a +0
                  | leather armour; and the following spell memorised: Foxfire;
                  | and the following spells available to memorise: Conjure
                  | Flame, Ignite Poison
     0 | D:1      | Reached XP level 1. HP: 14/14 MP: 5/5
    37 | D:1      | Reached XP level 2. HP: 3/20 MP: 4/7
   136 | D:1      | Slain by a quokka

Illustrated notes

Levels and vault maps discovered:
D:1:      lemuel_arrival_funnel, layout_basic, st_stairs_3

Skill      XL: |  1  2 |
---------------+-------+-----
Spellcasting   | 3 |  3.3
Fire Magic     | 3 |  3.1
Axes           | |  2.4
Stealth        | |  1.0
Invocations    | |  1.2
Evocations     | |  2.4

Action                   || total
-------------------------++-------
Melee: Hand axe          ||    26
 Cast: Foxfire           ||    10
  Use: Potion            ||     1
Armor: Leather armour    ||    19
Dodge: Dodged            ||    14

Table legend: (Time is in decaauts)
 A = Elapsed time spent in this place.
 B = Non-inter-level travel time spent in this place.
 C = Inter-level travel time spent in this place.
 D = Time resting spent in this place.
 E = Time spent auto-exploring this place.
 F = Levels seen in this place.
 G = Mean time per level.
                   A        B        C        D        E       F      G
               +--------+--------+--------+--------+--------+-----+--------+
         Total |    140 |    136 |      4 |     33 |     32 |   1 |  140.0 |
       Dungeon |    140 |    136 |      4 |     33 |     32 |   1 |  140.0 |
               +--------+--------+--------+--------+--------+-----+--------+

Top non-repeatable levels by time:
     D:1: 140 daAuts
